 Dungeon Crawl Stone Soup version 0.25-a0-1136-gc1285e62ab (webtiles) character file.

Game seed: 9454571779980340745, levelgen mode: deterministic

4643 zanarii the Slicer (level 10, 77/77 HPs)
             Began as a Demonspawn Fighter on May 23, 2020.
             Was a Follower of Qazlal.
             Quit the game on level 7 of the Dungeon.
             The game lasted 00:43:36 (12503 turns).

zanarii the Slicer (Demonspawn Fighter)            Turns: 12503, Time: 00:43:37

Health: 77/77      AC: 10    Str: 20    XL:     10   Next: 20%
Magic:  13/13      EV:  7    Int: 13    God:    Qazlal [*.....]
Gold:   208        SH: 11    Dex: 12    Spells: 6/11 levels left

rFire    . . .     SeeInvis +   e - +4 dagger
rCold    . . .     Gourm    .   c - +0 kite shield
rNeg     . . .     Faith    .   b - +0 scale mail
rPois    .         Spirit   +   (helmet unavailable)
rElec    .         Reflect  .   G - +0 cloak
rCorr    +         Harm     .   l - +0 pair of gloves
MR       +....                  M - +0 pair of boots (curse)
Stlth    ..........             p - amulet of guardian spirit
HPRegen  0.22/turn              F - ring of resist corrosion
MPRegen  0.13/turn              L - ring "Tebu" {MR+ Int+3 SInv}

@: no status effects
A: horns 3, powered by death 1, powered by pain 1
a: Renounce Religion


You were on level 7 of the Dungeon.
You worshipped Qazlal.
Qazlal was aware of your devotion.
You were not hungry.

You visited 2 branches of the dungeon, and saw 9 of its levels.

You collected 547 gold pieces.
You spent 339 gold pieces at shops.

Inventory:

Hand Weapons
 a - a +0 war axe
 e - a +4 dagger (weapon)
 u - a +1 trident of freezing
 R - the +7 quarterstaff "Mud Pie of Death" {flame, Str+2 Int+8 Dex-3 Stlth+, unknown}
   (You found it on level 8 of the Dungeon)

   It has been specially enchanted to burn those struck by it, causing extra
   injury to most foes and up to half again as much damage against particularly
   susceptible opponents.
   It affects your strength (+2).
   It affects your intelligence (+8).
   It affects your dexterity (-3).
   It makes you more stealthy.
 S - a +0 battleaxe
Missiles
 g - 183 stones (quivered)
 j - 39 sling bullets
 Q - 17 poisoned darts
Armour
 b - a +0 scale mail (worn)
 c - a +0 kite shield (worn)
 l - a +0 pair of gloves (worn)
 w - a +0 plate armour
 G - a +0 cloak (worn)
 M - a cursed +0 pair of boots (worn)
 O - a +0 troll leather armour
Jewellery
 i - an uncursed ring of positive energy {unknown}
 p - an amulet of guardian spirit (around neck)
 q - an uncursed ring of fire
 r - an uncursed amulet of the acrobat
 F - a ring of resist corrosion (left hand)
 L - the ring "Tebu" (right hand) {MR+ Int+3 SInv}
   (You bought it in a shop on level 7 of the Dungeon)

   [ring of see invisible]

   It affects your intelligence (+3).
   It affects your resistance to hostile enchantments.
   It lets you see invisible.
 N - a cursed amulet of inaccuracy {unknown}
Wands
 y - a wand of flame (10)
 H - a wand of paralysis (16)
 J - a wand of clouds (4)
Scrolls
 h - 4 scrolls of remove curse
 m - 2 scrolls of magic mapping {unknown}
 o - 2 scrolls of teleportation
 t - 3 scrolls of amnesia
 v - a scroll of random uselessness {unknown}
 x - a scroll of fear {unknown}
 A - a scroll of immolation {unknown}
 C - 3 scrolls of identify
 D - a scroll of enchant weapon {unknown}
 E - a scroll of enchant armour {unknown}
Potions
 d - 3 potions of might
 k - a potion of mutation
 n - a potion of berserk rage
 s - a potion of curing {unknown}
 z - 2 potions of cancellation {unknown}
 B - a potion of brilliance {unknown}
 I - a potion of ambrosia {unknown}
 K - a potion of stabbing {unknown}
Comestibles
 f - 17 rations


   Skills:
 + Level 6.7 Fighting
 - Level 10.0 Short Blades
 * Level 4.3 Axes
 + Level 4.8 Armour
 + Level 1.2 Stealth
 - Level 2.6 Shields
 + Level 1.2 Spellcasting
 + Level 1.1 Conjurations
 + Level 1.3 Hexes
 + Level 1.1 Ice Magic
 - Level 5.0 Invocations


You had 6 spell levels left.
You knew the following spells:

 Your Spells              Type           Power        Failure   Level  Hunger
a - Ensorcelled Hibernat  Hex/Ice        #.....       98%         2    ###....
b - Dazzling Flash        Conj/Hex       #.....       100%        3    ####...

Your spell library contained the following spells:

 Spells                   Type           Power        Failure   Level  Hunger
 Corona                   Hex            #......      91%         1    ##.....
 Magic Dart               Conj           #...         93%         1    ##.....
 Slow                     Hex            #.......     97%         2    ###....
 Animate Skeleton         Necr           N/A          98%         1    ##.....
 Pain                     Necr           #...         98%         1    ##.....
 Searing Ray              Conj           #.....       98%         2    ###....
 Confusing Touch          Hex            #.......     99%         3    ####...
 Tukima's Dance           Hex            #.......     99%         3    ####...
 Gell's Gravitas          Tloc           #.........   100%        3    ####...
 Inner Flame              Hex/Fire       #.......     100%        3    ####...
 Portal Projectile        Hex/Tloc       #.....       100%        3    ####...
 Vampiric Draining        Necr           #.........   100%        3    ####...
 Animate Dead             Necr           N/A          100%        4    #####..
 Cause Fear               Hex            #.........   100%        4    #####..
 Fulminant Prism          Conj/Hex       #.........   100%        4    #####..
 Iskenderun's Mystic Bla  Conj/Tloc      #.......     100%        4    #####..
 Leda's Liquefaction      Hex/Erth       #.........   100%        4    #####..
 Petrify                  Tmut/Erth      #.......     100%        4    #####..
 Agony                    Necr           #.......     100%        5    ######.
 Metabolic Englaciation   Hex/Ice        #.........   100%        5    ######.
 Yara's Violent Unravell  Hex/Tmut       #.........   100%        5    ######.


Dungeon Overview and Level Annotations

Branches:
Dungeon (8/15)             Temple (1/1) D:6
   Lair: D:8-11

Altars:
Ashenzari
Cheibriados
Dithmenos
Elyvilon
Fedhas
Gozag
Kikubaaqudgha
Makhleb
Nemelex Xobeh
Okawaru
Qazlal
Ru
Sif Muna
Trog
Vehumet
Wu Jian
Xom
Yredelemnul
Zin
The Shining One

Shops:
D:7 =


Innate Abilities, Weirdness & Mutations

You have a pair of large horns on your head.
You regenerate a little health from kills.
You sometimes gain a little power by taking damage.


Message History

There is an escape hatch in the floor here.
There is a stone staircase leading up here.
You climb upwards.
There is a stone staircase leading down here.
You start resting.
All of the chunks of flesh in your inventory have rotted away.
HP restored.
Search for what [Enter for "weap", or ? for help]?
There is a stone staircase leading up here.
Things that are here:
22 arrows; a +0 shortbow
Items here: )) [[ a +0 leather armour; a +0 dagger; a +0 chain mail; a +0 battleaxe Unknown command.
S - a +0 battleaxe
Okay, then.
You can't wield that with a shield.
You drop a +0 war axe.
Unknown command.
Are you sure you want to abandon this character and quit the game? (Confirm with "yes".)

#.##########.# ###########
#.# ##.####.......... #.#
######...##...######## #.#
#......#.............. #.#
#.####..(##...#######. #.#
#.# ##.####.########. #.#
##.## #.##.........##.
#.###...####.##.........##.
#.........@).##...####..##.
#####...#######...####.....
##.########...........[
#.......##..######.##.
#.###.......#####.....
#.....#...........>###
#.##.^#####.#####..###
#.#..#.## #.# #..#..
#...###.###.# #..#.#


There were no monsters in sight!

Vanquished Creatures
  Prince Ribbit (D:7)
  A troll (D:8)
  A hippogriff (D:7)
  A human (D:7)
  4 hogs (D:7)
  3 hungry ghosts
  An ice beast (D:7)
  2 sky beasts
  3 orc warriors
  A black bear (D:8)
  4 ogres
  2 necrophages
  2 phantoms
  4 wolves
  2 centaurs
  2 bullfrogs
  A scorpion (D:5)
  3 killer bees (D:8)
  3 crimson imps
  A quasit (Temple)
  A bullfrog skeleton (D:8)
  5 hounds
  A jelly (D:5)
  4 orc wizards
  An iguana (D:6)
  3 worker ants
  A hound skeleton (D:6)
  7 gnolls
  12 adders
  2 oozes
  4 worms
  A dart slug (D:2)
  4 leopard geckos
  22 orcs
  A ball python (D:1)
  5 giant cockroaches
  12 goblins
  10 hobgoblins
  15 jackals
  6 quokkas
  8 bats
  2 frilled lizards
  6 kobolds
  A leopard gecko skeleton (D:6)
  6 rats
182 creatures vanquished.

Vanquished Creatures (others)
  2 fungi (D:8)
  2 plants (D:8)
4 creatures vanquished.

Grand Total: 186 creatures vanquished

Notes
Turn   | Place    | Note
-------+----------+-------------------------------------------
     0 | D:1      | zanarii the Demonspawn Fighter began the quest for the Orb.
     0 | D:1      | Reached XP level 1. HP: 18/18 MP: 1/1
   282 | D:1      | Gained mutation: You have a pair of small horns on your
                  | head. [demonic ancestry]
   282 | D:1      | Reached XP level 2. HP: 24/24 MP: 2/2
   653 | D:1      | Reached skill level 1 in Short Blades
   703 | D:1      | Reached XP level 3. HP: 29/29 MP: 3/3
  1692 | D:2      | Found a glowing golden altar of the Shining One.
  1948 | D:3      | Gained mutation: You sometimes gain a little power by
                  | taking damage. [demonic ancestry]
  1948 | D:3      | Reached XP level 4. HP: 35/35 MP: 4/4
  2157 | D:3      | Reached skill level 2 in Short Blades
  2244 | D:3      | Found a glowing drain.
  3146 | D:3      | Found a burning altar of Makhleb.
  3168 | D:3      | Noticed an ogre
  3174 | D:3      | Killed an ogre
  3174 | D:3      | Reached skill level 3 in Short Blades
  3174 | D:3      | Reached XP level 5. HP: 28/41 MP: 3/5
  3714 | D:4      | Noticed an ogre
  3719 | D:4      | Killed an ogre
  3719 | D:4      | Reached skill level 4 in Short Blades
  3719 | D:4      | Gained mutation: You regenerate a little health from kills.
                  | [demonic ancestry]
  3719 | D:4      | Reached XP level 6. HP: 23/47 MP: 2/6
  4423 | D:5      | Entered Level 5 of the Dungeon
  4848 | D:5      | Noticed a hungry ghost
  4959 | D:5      | Killed a hungry ghost
  4959 | D:5      | Reached skill level 5 in Short Blades
  4959 | D:5      | Gained mutation: You have a pair of horns on your head.
                  | [demonic ancestry]
  4959 | D:5      | Reached XP level 7. HP: 46/52 MP: 7/7
  5355 | D:5      | Reached skill level 6 in Short Blades
  5767 | D:5      | Reached skill level 7 in Short Blades
  6427 | D:5      | Reached XP level 8. HP: 32/58 MP: 8/8
  6655 | D:6      | Found a staircase to the Ecumenical Temple.
  6667 | Temple   | Entered the Ecumenical Temple
  6760 | Temple   | Became a worshipper of Qazlal Stormbringer
  7044 | D:6      | You fall into a shaft and drop 1 floor!
  7148 | D:7      | Reached skill level 8 in Short Blades
  7668 | D:6      | Reached skill level 5 in Fighting
  8235 | D:7      | Noticed Prince Ribbit
  8677 | D:7      | Killed Prince Ribbit
  8677 | D:7      | Reached skill level 1 in Invocations
  8885 | D:7      | Gained mutation: You have a pair of large horns on your
                  | head. [demonic ancestry]
  8885 | D:7      | Reached XP level 9. HP: 48/68 MP: 6/10
  8960 | D:7      | Learned a level 2 spell: Ensorcelled Hibernation
  9143 | D:7      | Reached skill level 9 in Short Blades
  9488 | D:7      | Found Sikuruh's Jewellery Shop.
  9496 | D:7      | Bought the ring "Tebu" {MR+ Int+3 SInv} for 339 gold pieces
 10051 | D:7      | Found a blossoming altar of Fedhas.
 10069 | D:7      | Learned a level 3 spell: Dazzling Flash
 10173 | D:8      | Noticed a troll
 10185 | D:8      | Killed a troll
 10185 | D:8      | Reached * piety under Qazlal
 10220 | D:7      | Reached skill level 5 in Invocations
 10437 | D:7      | Reached skill level 10 in Short Blades
 10513 | D:8      | Reached XP level 10. HP: 34/77 MP: 8/13
 11167 | D:8      | Noticed a two-headed ogre
 11599 | D:8      | Reached skill level 1 in Spellcasting
 11599 | D:8      | Reached skill level 1 in Hexes
 11624 | D:8      | Reached skill level 1 in Stealth
 11914 | D:8      | Reached skill level 1 in Conjurations
 11914 | D:8      | Reached skill level 1 in Ice Magic
 11927 | D:8      | Got a pitted quarterstaff
 12094 | D:8      | Found a sacrificial altar of Ru.
 12296 | D:8      | Noticed a two-headed ogre
 12503 | D:7      | Quit the game

Illustrated notes

Levels and vault maps discovered:
D:1:      zelgadis_glass_arrival_small, layout_basic
D:2:      layout_rooms, nicolae_tso_carved_into_rock
D:3:      layout_loops_corners, gup_sewer_entry_glass, bloody_makhleb
D:4:      layout_basic, first_ration, eino_tiny_chamber
D:5:      layout_gridville
D:6:      layout_basic, minmay_temple_entry_arrows
D:7:      layout_loops_ring, fedhas_altar_fruit_tree, serial_shops, shop,
          grunt_livestock, uniq_prince_ribbit1
D:8:      layout_basic, kennysheep_little_box, erik_lair_island,
          nicolae_ru_the_path_less_chosen
Temple:   compressed_dpeg_circular_temple

Skill      XL: |  1  2  3  4  5  6  7  8  9 10 |
---------------+-------------------------------+-----
Axes           | 2 3 4 |  4.3
Short Blades   | 1 3 4 5 7 8 10 | 10.0
Fighting       | 5 6 |  6.7
Armour         | 3 4 |  4.8
Invocations    | 2 5 |  5.0
Spellcasting   | 1 |  1.2
Hexes          | 1 |  1.3
Stealth        | 1 |  1.2
Conjurations   | 1 |  1.1
Ice Magic      | 1 |  1.1
Shields        | |  2.6

Action                   |  1- 3 |  4- 6 |  7- 9 | 10-12 || total
-------------------------+-------+-------+-------+-------++-------
Melee: Dagger            |   112 |   194 |   446 |   131 ||   883
       War axe           |     6 |       |       |       ||     6
       Headbutt          |    18 |    25 |    96 |    19 ||   158
Throw: Stone             |       |       |     2 |     4 ||     6
  Use: Scroll            |     1 |     4 |     3 |     1 ||     9
       Potion            |       |       |     2 |     2 ||     4
  Eat: Chunk             |     3 |    10 |    12 |     1 ||    26
       Ration            |       |     1 |     2 |     4 ||     7
Armor: Scale mail        |    64 |    80 |   123 |    34 ||   301
Dodge: Dodged            |    32 |    40 |    90 |    30 ||   192
Block: Kite shield       |    67 |    72 |   126 |    42 ||   307

Table legend:
 A = Non-vault XP
 B = Vault XP
 C = Vault XP percentage of total XP
 D = Non-vault monster count
 E = Vault monster count
 F = Vault count percentage of total count
                 A         B        C        D         E       F
            +---------+---------+-------+---------+---------+-------
      Total |    4511 |    2122 |  32.0 |     164 |      18 |   9.9
            +---------+---------+-------+---------+---------+-------
        D:1 |      49 |       0 |   0.0 |      23 |       0 |   0.0
        D:2 |      45 |       0 |   0.0 |      16 |       0 |   0.0
        D:3 |     176 |      32 |  15.4 |      30 |       5 |  14.3
        D:4 |     248 |       0 |   0.0 |      11 |       0 |   0.0
        D:5 |     891 |       0 |   0.0 |      18 |       0 |   0.0
        D:6 |     352 |       0 |   0.0 |      16 |       0 |   0.0
        D:7 |    1394 |    1551 |  52.7 |      21 |       9 |  30.0
        D:8 |    1223 |     539 |  30.6 |      27 |       4 |  12.9
     Temple |     133 |       0 |   0.0 |       2 |       0 |   0.0
            +---------+---------+-------+---------+---------+-------
